 Dungeon Crawl Stone Soup version 0.25.0-11-g1f837a76a1 (webtiles) character file.

Game seed: 5937355369747472498

392294 Froggeryz the Wrestler (level 22, -78/162 HPs)
             Began as a Gargoyle Monk on June 24, 2020.
             Was a Favourite Plaything of Xom.
             Annihilated by a juggernaut (95 damage)
             ... on level 4 of the Depths.
             The game lasted 01:37:45 (47795 turns).

Froggeryz the Wrestler (Gargoyle Monk)             Turns: 47795, Time: 01:37:46

Health: -78/162    AC: 16    Str: 21      XL:     22   Next: 76%
Magic:  28/28      EV: 27    Int: 13      God:    Xom [....*.]
Gold:   2606       SH:  0    Dex: 13 (14) Spells: 21/21 levels left

rFire    + + .     SeeInvis .     - Unarmed
rCold    + + .     Gourm    .   (shield currently unavailable)
rNeg     + + +     Faith    .   (armour currently unavailable)
rPois    ∞         Spirit   .   (helmet currently unavailable)
rElec    +         Reflect  .   (cloak currently unavailable)
rCorr    +         Harm     .   (gloves currently unavailable)
MR       ++...                  (boots currently unavailable)
Stlth    ++........             (amulet currently unavailable)
HPRegen  0.77/turn              (ring currently unavailable)
MPRegen  0.21/turn              (ring currently unavailable)

@: mighty, agile, wisp-form (expiring), berserk cooldown, flying, slowed, slow
A: tiny, repulsion field 1, dopey 1, magic resistance 1, negative energy
resistance 1, regeneration 1, robust 1, strong 1, petrification resistance, rot
immunity, MP-powered wands, AC +16
}: 3/15 runes: decaying, abyssal, gossamer
a: Renounce Religion


You were on level 4 of the Depths.
You worshipped Xom.
You were a beloved toy of Xom.
You were hungry.
You were an insubstantial wisp.
You visited 9 branches of the dungeon, and saw 40 of its levels.
You visited the Abyss 2 times.
You also visited: Trove and Ice Cave.

You collected 3472 gold pieces.
You spent 866 gold pieces at shops.

Inventory:

Hand Weapons
 i - a +7 eveningstar of freezing
Missiles
 f - 2 throwing nets
 h - 18 javelins (quivered)
 S - 9 curare-tipped darts
Armour
 e - the +4 faerie dragon scales {rCorr Stlth+}
   (You found it on level 1 of the Depths)

   It provides partial protection from all sources of acid and corrosion.
   It makes you more stealthy.
 k - a +2 pair of boots (melded)
 s - a +4 chain mail of fire resistance
 y - the +15 Maxwell's patent armour {-Cast -Tele rElec MR+ rCorr}
   (You found it on level 5 of the Dungeon)

   It insulates you from electricity.
   It affects your resistance to hostile enchantments.
   It prevents spellcasting.
   It prevents most forms of teleportation.
   It provides partial protection from all sources of acid and corrosion.
 B - a +1 pair of gloves
 I - a +2 cloak of magic resistance (melded)
 N - the +3 plate armour "Laokk" (melded) {rElec rC+ rN+ Str+3}
   (You found it on level 1 of the Swamp)

   It affects your strength (+3).
   It protects you from cold.
   It insulates you from electricity.
   It protects you from negative energy.
 Q - a +2 pair of gloves (melded)
 U - a +0 kite shield (melded)
 Y - a +2 helmet of see invisible (melded)
Jewellery
 d - an uncursed ring of positive energy
 m - a +4 ring of protection (melded)
 n - a +6 ring of strength
 v - a ring of protection from magic (melded)
 J - a +4 ring of evasion {unknown}
 M - the amulet of Tofus (melded) {Reflect rElec Str+3 Slay+2 SH+5}
   (You acquired it on level 2 of the Elven Halls)

   [amulet of reflection]

   It shields you and reflects attacks.
   It affects your strength (+3).
   It affects your accuracy and damage with ranged weapons and melee attacks
   (+2).
   It insulates you from electricity.
   It affects your SH (+5).
 O - the ring "Etaetrel" {rPois rC+}
   (You found it in a treasure trove)

   [ring of protection from cold]

   It protects you from cold.
   It protects you from poison.
Wands
 c - a wand of disintegration (23)
 l - a wand of flame (31)
 o - a wand of digging (10)
 u - a wand of acid (23)
 x - a wand of paralysis (26)
 L - a wand of iceblast (29)
Scrolls
 j - 7 scrolls of identify
 r - 5 scrolls of blinking
 t - 15 scrolls of remove curse
 C - 7 scrolls of magic mapping
 D - 5 scrolls of fear
 E - 6 scrolls of immolation
 F - 6 scrolls of fog
 G - 6 scrolls of enchant armour
 P - 2 scrolls of summoning
 T - 2 scrolls of brand weapon
 W - a scroll of teleportation
 Z - a scroll of enchant weapon
Potions
 a - 9 potions of curing
 w - 5 potions of might
 z - 5 potions of haste
 A - 2 potions of cancellation
 H - 2 potions of resistance
 K - 3 potions of berserk rage
 R - 4 potions of ambrosia
 X - 2 potions of heal wounds
Miscellaneous
 p - a tin of tremorstones (3/3)
 q - 5 phantom mirrors
Comestibles
 b - 45 rations


   Skills:
 + Level 18.5 Fighting
 + Level 17.4 Armour
 - Level 3.1 Dodging
 - Level 2.1 Stealth
 - Level 15.0 Shields
 * Level 25.5 Unarmed Combat
 - Level 8.2 Evocations


You had 21 spell levels left.
You didn't know any spells.
Your spell library contained the following spells:

 Spells                   Type           Power        Failure   Level  Hunger
 Animate Skeleton         Necr           N/A          30%         1    ##.....
 Apportation              Tloc           #.....       30%         1    ##.....
 Corona                   Hex            #......      30%         1    ##.....
 Foxfire                  Conj/Fire      #...         30%         1    ##.....
 Infusion                 Chrm           #...         30%         1    ##.....
 Magic Dart               Conj           #...         30%         1    ##.....
 Sandblast                Erth           #.....       30%         1    ##.....
 Sting                    Tmut/Pois      #...         30%         1    ##.....
 Summon Small Mammal      Summ           #...         30%         1    ##.....
 Blink                    Tloc           N/A          43%         2    ###....
 Call Imp                 Summ           #.......     43%         2    ###....
 Ensorcelled Hibernation  Hex/Ice        #.....       43%         2    ###....
 Passwall                 Tmut/Erth      #.......     43%         2    ###....
 Poisonous Vapours        Pois/Air       #.....       43%         2    ###....
 Searing Ray              Conj           #.....       43%         2    ###....
 Shroud of Golubria       Chrm/Tloc      #.....       43%         2    ###....
 Slow                     Hex            #.......     43%         2    ###....
 Song of Slaying          Chrm           #.......     43%         2    ###....
 Sticks to Snakes         Tmut           #.......     43%         2    ###....
 Call Canine Familiar     Summ           #.......     67%         3    ####...
 Confusing Touch          Hex            #.......     67%         3    ####...
 Conjure Flame            Conj/Fire      #.......     67%         3    ####...
 Dazzling Flash           Conj/Hex       #.....       67%         3    ####...
 Gell's Gravitas          Tloc           #.........   67%         3    ####...
 Inner Flame              Hex/Fire       #.......     67%         3    ####...
 Lesser Beckoning         Tloc           #.........   67%         3    ####...
 Mephitic Cloud           Conj/Pois/Air  #.......     67%         3    ####...
 Ozocubu's Armour         Chrm/Ice       #.......     67%         3    ####...
 Portal Projectile        Hex/Tloc       #.....       67%         3    ####...
 Spectral Weapon          Hex/Chrm       #.......     67%         3    ####...
 Spider Form              Tmut/Pois      #.........   67%         3    ####...
 Stone Arrow              Conj/Erth      #.....       67%         3    ####...
 Summon Guardian Golem    Hex/Summ       #.......     67%         3    ####...
 Teleport Other           Tloc           #.......     67%         3    ####...
 Tukima's Dance           Hex            #.......     67%         3    ####...
 Cause Fear               Hex            #.........   97%         4    #####..
 Dispel Undead            Necr           #.......     97%         4    #####..
 Fulminant Prism          Conj/Hex       #.........   97%         4    #####..
 Ice Form                 Ice/Tmut       #.......     97%         4    #####..
 Iskenderun's Mystic Bla  Conj/Tloc      #.......     97%         4    #####..
 Leda's Liquefaction      Hex/Erth       #.........   97%         4    #####..
 Passage of Golubria      Tloc           N/A          97%         4    #####..
 Petrify                  Tmut/Erth      #.......     97%         4    #####..
 Sticky Flame             Conj/Fire      #.......     97%         4    #####..
 Summon Ice Beast         Ice/Summ       #.......     97%         4    #####..
 Summon Lightning Spire   Summ/Air       #.......     97%         4    #####..
 Alistair's Intoxication  Tmut/Pois      #.......     100%        5    ######.
 Bolt of Magma            Conj/Fire/Erth #.........   100%        5    ######.
 Fireball                 Conj/Fire      #.........   100%        5    ######.
 Lee's Rapid Deconstruct  Erth           #.........   100%        5    ######.
 Metabolic Englaciation   Hex/Ice        #.........   100%        5    ######.
 Silence                  Hex/Air        #.........   100%        5    ######.
 Yara's Violent Unravell  Hex/Tmut       #.........   100%        5    ######.
 Eringya's Noxious Bog    Tmut/Pois      #.........   100%        6    #######
 Freezing Cloud           Conj/Ice/Air   #.........   100%        6    #######
 Iron Shot                Conj/Erth      #.........   100%        6    #######
 Ozocubu's Refrigeration  Ice            #.........   100%        6    #######
 Simulacrum               Ice/Necr       #.........   100%        6    #######
 Ring of Flames           Chrm/Fire      #.........   100%        7    #######
 Discord                  Hex            #.........   100%        8    #######


Dungeon Overview and Level Annotations

Branches:
Dungeon (15/15)            Temple (1/1) D:4            Lair (6/6) D:9
  Swamp (4/4) Lair:3       Spider (4/4) Lair:4        Slime (0/5) Lair:5
    Orc (2/2) D:10            Elf (3/3) Orc:2        Vaults (1/5) D:14
 Depths (4/5) D:15          IceCv (visited)

Altars:
Ashenzari
Cheibriados
Dithmenos
Elyvilon
Fedhas
Gozag
Hepliaklqana
Kikubaaqudgha
Makhleb
Nemelex Xobeh
Okawaru
Qazlal
Ru
Sif Muna
Trog
Uskayaw
Vehumet
Wu Jian
Xom
Yredelemnul
Zin
The Shining One
Beogh
Jiyva

Shops:
D:3 *   D:5 %**}   D:11 %   Orc:2 ([[*?   Elf:3 (   Depths:2 }

Portals:
Hell: Depths:1 Depths:2 Depths:3 Depths:4
Abyss: Depths:4
Pandemonium: Depths:2 Depths:3


Innate Abilities, Weirdness & Mutations

You are resistant to torment.
((Your stone body is resilient. (AC +16)))
You are immune to poison.
((Your large and strong wings let you fly indefinitely.))
You resist negative energy. (rN+)
((You are resistant to electric shocks. (rElec)))
((You can survive without breathing.))
You are immune to petrification.
You are immune to rotting.
((You have hoof-like feet.))
You are surrounded by a mild repulsion field. (EV +2)
((Your skin changes colour to match your surroundings (Stealth+).))
You are dopey. (Int -2)
You are resistant to hostile enchantments. (MR+)
Your natural rate of healing is unusually fast.
You are robust. (+10% HP)
((You are covered in thick fur. (AC +2)))
Your muscles are strong. (Str +2)
You expend magic power (3 MP) to strengthen your wands.
((Your movements are slightly less encumbered by armour. (ER -2)))


Message History

A spark wasp comes into view.
You are engulfed in seething chaos.
You feel more agile all of a sudden. The spark wasp completely misses you.
The white very ugly thing is engulfed in seething chaos.
The white very ugly thing seems to slow down.
The white very ugly thing pecks you!
* * * LOW HITPOINT WARNING * * *
The white very ugly thing freezes you. You resist.
* * * LOW HITPOINT WARNING * * *
The spark wasp stings you but does no damage.
You can move again.
Unknown command.
You blink.
You are engulfed in seething chaos.
An ettin comes into view. It is wielding two +0 dire flails.
The ettin shouts in stereo!
You hear a deafening roar!
The juggernaut hits you!!!!
Ouch! That really hurt!
You die...
Xom titters!

♣........####
♣.....#.... ..
P.∩...... ...
#.[>..# #.## ≈
♣.....#..... ≈P≈
♣≈.§..#.....
P≈≈≈♣≈≈.........
≈≈≈≈≈≈≈yCu#.....
≈≈≈≈≈≈≈vc.# ....
≈≈≈≈≈≈♣...# ##
≈≈≈≈≈≈♣...#
≈≈≈≈≈♣♣..y#
P≈≈≈≈ ♣.... ≈P≈≈
♣...#. . ♣.∩.#..
≈≈..# #C


You could see a juggernaut (fast, strong), a white very ugly thing (fast, agile,
slow), a yaktaur captain, an ettin and 2 spark wasps.

Vanquished Creatures
  A juggernaut (Depths:2)
  Nikola (Spider:4)
  2 profane servitors (Abyss:3)
  3 liches
  Jorgrun (D:10)
  Rupert (Lair:3)
  3 deep elf master archers (Elf:3)
  A deep elf blademaster (Elf:2)
  2 tentacled starspawn (Abyss:3)
  A quicksilver dragon (Depths:3)
  A sphinx (Depths:2)
  Agnes (Spider:3)
  2 thorn hunters
  2 shadow dragons
  2 nagarajas (Abyss:3)
  2 tengu reavers
  An azure jelly (Depths:3)
  3 fire giants
  4 deep elf sorcerers (Elf:3)
  4 frost giants
  7 ghost moths
  Aizul (Elf:2)
  3 emperor scorpions (Spider:4)
  2 vault wardens (Vaults:1)
  5 ironheart preservers
  5 deep elf elementalists (Elf:3)
  4 spriggan defenders
  5 very ugly things
  3 entropy weavers
  4 stone giants
  2 deep elf demonologists (Elf:3)
  A lorocyproca (Depths:3)
  A purple draconian (Abyss:3)
  2 eidola (Abyss:3)
  The ghost of Ciovowug the Fighter, a journeyman DrTm of Ashenzari (Lair:2)
  5 deep elf annihilators (Elf:3)
  2 spark wasps
  4 ettins
  5 deep elf death magi (Elf:3)
  4 deep elf high priests (Elf:3)
  A great orb of eyes (Depths:1)
  8 fire dragons
  The ghost of Suk Xiy the Grappler, a journeyman DrTm of Yredelemnul (Lair:2)
  4 vault guards
  17 hydras
  6 ice dragons
  A rakshasa (Depths:1)
  An anaconda (Abyss:3)
  3 catoblepae (Lair:6)
  3 spriggan air magi
  11 centaur warriors
  3 alligators
  24 two-headed ogres
  A shambling mangrove (Swamp:4)
  A satyr (Vaults:1)
  10 ogre magi
  25 dancing weapons
  7 deep troll shamans
  2 orc high priests (Orc:2)
  An alligator (shapeshifter) (Swamp:4)
  5 deep troll earth magi
  16 death yaks
  3 tengu warriors
  2 spriggan berserkers (Depths:2)
  A thrashing horror (Abyss:3)
  Urug (Lair:2)
  16 deep elf knights
  Nergalle (D:11)
  A wretched star (Abyss:3)
  A sun demon (Abyss:3)
  A hell knight (Depths:2)
  An iron troll (Depths:1)
  12 deep trolls
  A flayed ghost (Abyss:3)
  2 unseen horrors
  A spriggan druid (Swamp:3)
  A wizard (Depths:2)
  2 glowing orange brains
  8 deep elf archers
  10 swamp dragons
  A necromancer (Depths:2)
  30 ugly things
  33 wolf spiders
  A harpy (shapeshifter) (Depths:1)
  16 orb spiders
  2 orc knights
  44 deep elf magi
  7 cyclopes
  3 orc sorcerers
  2 worldbinders (Abyss:3)
  5 manticores
  7 elephants
  A moth of wrath (Spider:1)
  4 black mambas
  2 guardian serpents (Abyss:3)
  3 centaur zombies
  A vault sentinel (Vaults:1)
  A torpor snail (shapeshifter) (Depths:1)
  2 orange demons (Depths:3)
  2 smoke demons (Abyss:3)
  3 torpor snails
  A centaur skeleton (D:14)
  5 spectral swamp worms (Depths:3)
  A spriggan skeleton (Depths:3)
  7 komodo dragons
  17 spiny frogs
  5 kobold demonologists
  4 rime drakes
  8 yaktaurs
  16 demonic crawlers
  A komodo dragon (shapeshifter) (Depths:3)
  A freezing wraith (D:13)
  3 ancient zymes (Abyss:3)
  A hellwing (Depths:3)
  7 trolls
  21 hornets
  14 polar bears
  25 jumping spiders
  A merfolk (D:9)
  20 blink frogs
  15 tyrant leeches
  7 bog bodies
  40 slime creatures
  4 large abominations (Abyss:3)
  3 raiju (Abyss:3)
  2 raiju (shapeshifter)
  11 hippogriffs
  A dream sheep (Lair:4)
  5 air elementals
  75 redbacks
  9 spriggans
  57 yaks
  2 wraiths
  4 water elementals
  A tarantella (shapeshifter) (D:14)
  2 vampires (D:11)
  A fire elemental (Elf:2)
  2 shadows
  25 tarantellas
  4 wyverns
  6 basilisks
  14 vampire mosquitoes
  2 neqoxecs
  2 chaos spawn (Abyss:3)
  A hungry ghost (D:11)
  Menkaure (D:5)
  18 swamp worms
  7 wargs
  2 acid dragons
  8 water moccasins
  5 hell hounds (Abyss:3)
  9 swamp drakes
  10 porcupines
  2 sky beasts
  A black bear (shapeshifter) (Depths:3)
  17 orc warriors
  An eye of draining (D:10)
  3 ice beasts
  39 ogres
  3 phantoms
  10 starcursed masses (Abyss:3)
  7 wolves (IceCv)
  A black bear (D:8)
  9 boggarts
  16 centaurs
  18 crocodiles
  3 small abominations (Abyss:3)
  A big kobold (D:14)
  15 bullfrogs
  6 earth elementals
  A wyvern zombie (D:4)
  5 scorpions
  17 killer bees
  5 wights
  4 howler monkeys
  3 electric eels
  7 crimson imps
  2 quasits
  A wyvern simulacrum (D:14)
  2 iron imps
  6 jellies
  13 hounds
  21 orc priests
  Crazy Yiuf (D:7)
  6 bullfrog skeletons
  4 iguanas
  22 orc wizards
  16 worker ants
  A hound zombie (D:10)
  2 hound skeletons
  7 gnolls
  14 adders
  6 shadow imps
  12 white imps (Lair:5)
  An ufetubus (Abyss:3)
  3 oozes
  An adder zombie (D:7)
  An adder skeleton (D:4)
  3 worms
  2 dart slugs
  8 leopard geckos
  84 orcs
  2 giant cockroaches
  8 goblins
  6 hobgoblins
  7 jackals
  5 quokkas
  3 ball pythons
  11 bats
  2 frilled lizards
  A goblin skeleton (D:8)
  3 goblin zombies (D:8)
  3 hobgoblin zombies (D:8)
  7 kobolds
  2 kobold skeletons (D:8)
  A kobold zombie (D:8)
  2 orc skeletons (D:8)
  An orc zombie (D:8)
  7 rats
  A briar patch (Swamp:4)
  A fungus (Lair:6)
  3 plants
1512 creatures vanquished.

Vanquished Creatures (collateral kills)
  3 hydras
  3 death yaks (D:9)
  A deep elf knight (Elf:2)
  A deep elf archer (Elf:2)
  A swamp dragon (Swamp:4)
  A deep elf mage (Elf:2)
  An orb spider (Spider:1)
  3 spiny frogs
  2 jumping spiders (Spider:1)
  A blink frog (Lair:5)
  A tyrant leech (Swamp:3)
  A bog body (Swamp:3)
  8 redbacks
  A tarantella (Spider:1)
  A swamp worm (Swamp:3)
  2 swamp drakes
  An ogre (Depths:1)
32 creatures vanquished.

Vanquished Creatures (others)
  A thorn hunter (Swamp:4)
  2 dancing weapons
  A deep troll (Depths:2)
  2 wolf spiders (Spider:3)
  2 elephants (Lair:3)
  A spiny frog (Lair:1)
  3 tarantellas (Spider:4)
  A spriggan (Swamp:4)
  3 redbacks
  A warg (Orc:2)
  A swamp drake (Swamp:4)
  2 wolves (IceCv)
  A crocodile (Lair:1)
  An orc wizard (D:14)
  16 briar patches (Swamp:4)
  8 fungi
  A lurking horror (Abyss:3)
  14 plants
  6 starspawn tentacles (Abyss:3)
  4 withered plants (Lair:2)
71 creatures vanquished.

Grand Total: 1615 creatures vanquished

Notes
Turn   | Place    | Note
-------+----------+-------------------------------------------
     0 | D:1      | Froggeryz the Gargoyle Monk began the quest for the Orb.
     0 | D:1      | Reached XP level 1. HP: 14/14 MP: 1/1
   256 | D:1      | Reached XP level 2. HP: 19/19 MP: 2/2
   780 | D:1      | Reached skill level 4 in Unarmed Combat
   819 | D:1      | Reached XP level 3. HP: 22/23 MP: 3/3
  1402 | D:2      | Found a radiant altar of Vehumet.
  1422 | D:2      | Reached XP level 4. HP: 28/28 MP: 4/4
  1561 | D:2      | Found an ornate altar of the Wu Jian Council.
  1910 | D:3      | Found a glowing silver altar of Zin.
  1912 | D:3      | Found Zin's Purification Station.
  1925 | D:3      | Reached skill level 5 in Unarmed Combat
  2082 | D:3      | Found a basalt altar of Yredelemnul.
  2082 | D:3      | Found a stormy altar of Qazlal.
  2292 | D:2      | Reached XP level 5. HP: 27/32 MP: 5/5
  2580 | D:3      | Noticed an ogre
  2587 | D:3      | Killed an ogre
  2587 | D:3      | Reached skill level 6 in Unarmed Combat
  2587 | D:3      | Reached XP level 6. HP: 28/37 MP: 6/6
  2913 | D:3      | Found a sacrificial altar of Ru.
  3124 | D:3      | Reached skill level 7 in Unarmed Combat
  3278 | D:4      | Reached XP level 7. HP: 32/41 MP: 7/7
  3426 | D:4      | Found a snail-covered altar of Cheibriados.
  3453 | D:4      | Reached skill level 8 in Unarmed Combat
  3507 | D:4      | Found a staircase to the Ecumenical Temple.
  3566 | Temple   | Entered the Ecumenical Temple
  3675 | Temple   | Became a worshipper of Xom of Chaos
  3843 | D:5      | Entered Level 5 of the Dungeon
  3988 | D:5      | Found a hazy altar of Hepliaklqana.
  4032 | D:5      | XOM: silly message
  4041 | D:5      | Found Effala's General Store.
  4041 | D:5      | XOM: 5-stop teleportation journey
  4042 | D:5      | Noticed Menkaure
  4044 | D:5      | XOM: fake destruction
  4046 | D:5      | Killed Menkaure
  4046 | D:5      | Reached skill level 9 in Unarmed Combat
  4053 | D:5      | Reached XP level 8. HP: 46/46 MP: 8/8
  4068 | D:5      | XOM: give mutations
  4068 | D:5      | Gained mutation: You are somewhat resistant to further
                  | mutation. [Xom's grace]
  4068 | D:5      | Gained mutation: You have sharp toenails. [Xom's grace]
  4068 | D:5      | Gained mutation: You are agile. (Dex +2) [Xom's grace]
  4068 | D:5      | Gained mutation: You have sharp fingernails. [Xom's grace]
  4070 | D:5      | Found Retreoq's Gadget Shoppe.
  4073 | D:5      | Bought a wand of paralysis (9) for 143 gold pieces
  4073 | D:5      | XOM: divination: detect items
  4078 | D:5      | Found the +15 Maxwell's patent armour {-Cast -Tele rElec
                  | MR+ rCorr}
  4170 | D:5      | Found Yceukkuw's Assorted Antiques.
  4172 | D:5      | Found Qeykuid's Food Shop.
  4185 | D:5      | Reached skill level 1 in Armour
  4270 | D:5      | Reached skill level 10 in Unarmed Combat
  4663 | D:6      | XOM: fog
  4706 | D:6      | Found a shattered altar of Ashenzari.
  4741 | D:6      | Noticed a yak
  4758 | D:6      | XOM: swap monsters
  4763 | D:6      | Killed a yak
  4838 | D:6      | Reached XP level 9. HP: 48/51 MP: 9/9
  5350 | D:6      | XOM: summons 4 hostile shadow creatures
  5474 | D:6      | XOM: silly message
  5520 | D:6      | XOM: stat loss: -1 Str (15/16)
  5554 | D:7      | XOM is BORED!
  5554 | D:7      | XOM: summons 4 hostile shadow creatures
  5565 | D:7      | Lost mutation: You are agile. (Dex +2) [potion of mutation]
  5565 | D:7      | Lost mutation: You have sharp toenails. [potion of
                  | mutation]
  5666 | D:7      | XOM: fake destruction
  5673 | D:7      | Reached skill level 11 in Unarmed Combat
  5689 | D:7      | XOM: silly message
  5692 | D:7      | Noticed a hornet
  5713 | D:7      | Killed a hornet
  5850 | D:7      | Noticed a hornet
  5867 | D:7      | Killed a hornet
  5867 | D:7      | Reached skill level 5 in Armour
  6120 | D:7      | Reached skill level 12 in Unarmed Combat
  6249 | D:7      | Found a runed translucent door.
  6250 | D:7      | Noticed Crazy Yiuf
  6462 | D:7      | XOM: give mutations
  6462 | D:7      | Gained mutation: You are partially covered in iridescent
                  | scales. (AC +2) [Xom's grace]
  6462 | D:7      | Gained mutation: You have sharp toenails. [Xom's grace]
  6462 | D:7      | Gained mutation: You have a pair of small horns on your
                  | head. [Xom's grace]
  6500 | D:7      | Killed Crazy Yiuf
  6678 | D:8      | XOM: give mutation
  6678 | D:8      | Gained mutation: You occasionally shout uncontrollably at
                  | your foes. [Xom's mischief]
  6755 | D:8      | XOM: silly message
  6776 | D:8      | XOM: cloud trail
  6801 | D:8      | Reached XP level 10. HP: 56/56 MP: 10/10
  6904 | D:8      | Found a glowing golden altar of the Shining One.
  7159 | D:8      | XOM: noise
  7276 | D:8      | XOM: give mutations
  7276 | D:8      | Gained mutation: You are frail. (-10% HP) [Xom's mischief]
  7276 | D:8      | Lost mutation: You occasionally shout uncontrollably at
                  | your foes. [Xom's mischief]
  7276 | D:8      | Gained mutation: Scrolls take you a little longer to read.
                  | [Xom's mischief]
  7276 | D:8      | Gained mutation: You are very frail. (-20% HP) [Xom's
                  | mischief]
  7418 | D:9      | XOM: summons 1 hostile demon
  7432 | D:9      | XOM: silly message
  7448 | D:9      | Noticed a death yak
  7448 | D:9      | XOM: destruction
  7449 | D:9      | Found a staircase to the Lair.
  7450 | D:9      | Noticed a death yak
  7452 | D:9      | XOM: scenery: create altars
  7456 | D:9      | XOM: cast spell 'Summon Hydra'
  7457 | D:9      | Noticed a death yak
  7457 | D:9      | Noticed a death yak
  7460 | D:9      | Killed a death yak
  7467 | D:9      | Killed a death yak
  7469 | D:9      | Noticed a death yak
  7470 | D:9      | XOM: chaos cloud
  7478 | D:9      | XOM: potion effect (heal wounds)
  7487 | D:9      | XOM: confuse monster(s)
  7504 | D:9      | Killed a death yak
  7504 | D:9      | Reached skill level 5 in Fighting
  7504 | D:9      | Reached skill level 13 in Unarmed Combat
  7505 | D:9      | XOM: enchant monster (good)
  7509 | D:9      | XOM: summons 6 hostile demons
  7510 | D:9      | Noticed a smoke demon
  7512 | D:9      | Killed a death yak
  7523 | D:9      | XOM: draining
  8231 | D:9      | XOM: divination: magic mapping
  8330 | D:9      | XOM: noise
  8383 | D:9      | Killed a death yak
  8584 | D:9      | XOM: noise
  8772 | Lair:1   | Entered Level 1 of the Lair of Beasts
  8781 | Lair:1   | Reached XP level 11. HP: 51/51 MP: 11/11
  8924 | Lair:1   | XOM: cloud trail
  9057 | Lair:1   | XOM: confusion (+ monsters)
  9091 | Lair:1   | XOM: silly message
  9109 | Lair:1   | XOM: noise
  9118 | Lair:1   | XOM: torment (43/52 hp)
  9259 | Lair:1   | Identified Povohych's Guide on Flying Evil Rites (Xom
                  | gifted it to you on level 1 of the Lair of Beasts)
  9259 | Lair:1   | XOM: god gift: Povohych's Guide on Flying Evil Rites
  9334 | Lair:1   | Reached skill level 14 in Unarmed Combat
  9334 | Lair:1   | XOM: divine lightning
  9384 | Lair:1   | Noticed a five-headed hydra
  9395 | Lair:1   | XOM: enchant monster (good)
  9403 | Lair:1   | a five-headed hydra changed into something unseen
  9403 | Lair:1   | XOM: polymorph five-headed hydra -> something unseen
  9405 | Lair:1   | XOM: summons 2 friendly demons
  9417 | Lair:1   | XOM: enchant monster (good)
  9423 | Lair:1   | XOM: scenery: create altars
  9429 | Lair:1   | Killed a ghost moth
  9442 | Lair:1   | XOM: fog
  9459 | Lair:1   | XOM: god gift: scroll labeled JUANUTSAFU {god gift}
  9548 | Lair:1   | XOM: divination: detect items
  9616 | Lair:1   | Lost mutation: You are very frail. (-20% HP) [potion of
                  | mutation]
  9616 | Lair:1   | Lost mutation: Scrolls take you a little longer to read.
                  | [potion of mutation]
  9797 | Lair:1   | XOM: silly message
  9840 | Lair:2   | Noticed Urug
  9947 | Lair:2   | XOM: confuse monster(s)
  9962 | Lair:2   | Killed Urug
  9996 | Lair:2   | XOM: divination: magic mapping
 10082 | Lair:2   | Found a runed translucent gate.
 10082 | Lair:2   | Found a runed translucent gate.
 10087 | Lair:2   | Found a runed translucent gate.
 10087 | Lair:2   | Noticed Ciovowug's ghost (journeyman DrTm)
 10087 | Lair:2   | Noticed Suk Xiy's ghost (journeyman DrTm)
 10104 | Lair:2   | XOM: god gift: 25 gold pieces
 10122 | Lair:2   | XOM: god gift: 18 gold pieces
 10141 | Lair:2   | You fall into a shaft and drop 1 floor!
 10433 | Lair:2   | Reached XP level 12. HP: 52/65 MP: 12/12
 10495 | Lair:2   | XOM: give mutations
 10495 | Lair:2   | Lost mutation: You have a pair of small horns on your head.
                  | [Xom's mischief]
 10495 | Lair:2   | Gained mutation: You are very frail. (-20% HP) [Xom's
                  | mischief]
 10495 | Lair:2   | Lost mutation: You have sharp toenails. [Xom's mischief]
 10495 | Lair:2   | Gained mutation: Armour fits poorly on your strangely
                  | shaped body. [Xom's mischief]
 10524 | Lair:2   | XOM: give mutations
 10524 | Lair:2   | Lost mutation: You are very frail. (-20% HP) [Xom's
                  | mischief]
 10524 | Lair:2   | Gained mutation: You occasionally shout uncontrollably at
                  | your foes. [Xom's mischief]
 11021 | Lair:3   | Reached skill level 15 in Unarmed Combat
 11290 | Lair:3   | XOM: divine lightning
 11293 | Lair:3   | XOM: divine lightning
 11297 | Lair:3   | Reached skill level 10 in Armour
 11306 | Lair:3   | XOM: enchant monster (good)
 11570 | Lair:3   | Found a staircase to the Swamp.
 12038 | Swamp:1  | Entered Level 1 of the Swamp
 12227 | Lair:4   | Noticed Rupert
 12228 | Lair:4   | XOM: potion effect (haste)
 12233 | Lair:4   | XOM: confuse monster(s)
 12239 | Lair:4   | Paralysed by Rupert for 6 turns
 12478 | Lair:3   | XOM: summons 7 hostile demons
 12508 | Lair:3   | XOM: confusion (+ monsters)
 12525 | Lair:3   | XOM: potion effect (brilliance)
 12529 | Lair:3   | Killed Rupert
 12537 | Lair:3   | XOM: potion effect (heal wounds)
 12585 | Lair:4   | XOM: potion effect (might)
 12766 | Lair:4   | Noticed an eight-headed hydra
 12775 | Lair:4   | Killed an eight-headed hydra
 13044 | Lair:4   | XOM: divination: magic mapping
 13045 | Lair:4   | XOM: noise
 13048 | Lair:4   | XOM: silly message
 13050 | Lair:4   | Reached skill level 16 in Unarmed Combat
 13060 | Lair:4   | Reached skill level 1 in Evocations
 13336 | Lair:4   | Reached XP level 13. HP: 70/72 MP: 12/14
 13878 | Lair:4   | Found a hole to the Spider Nest.
 13885 | Lair:4   | XOM: summons friendly white imp
 13902 | Lair:4   | XOM: polymorph jumping spider -> spiny frog
 14066 | Lair:5   | XOM: cast spell 'Summon Horrible Things'
 14091 | Lair:5   | XOM: divination: magic mapping
 14093 | Lair:5   | XOM: enchant monster (good)
 14098 | Lair:5   | Reached skill level 10 in Fighting
 14210 | Lair:4   | XOM: polymorph blink frog -> basilisk
 14289 | Lair:5   | XOM: enchant monster (good)
 14290 | Lair:5   | XOM: smoke on damage
 14304 | Lair:5   | XOM: enchant monster (good)
 14312 | Lair:5   | XOM: confuse monster(s)
 14429 | Lair:5   | Found a frozen archway.
 14451 | IceCv    | XOM: stealth player
 14451 | IceCv    | Entered an ice cave
 14567 | IceCv    | XOM: divination: magic mapping
 14589 | IceCv    | XOM: confuse monster(s)
 14636 | IceCv    | Gained mutation: Your large and strong wings let you fly
                  | indefinitely. [Gargoyle growth]
 14636 | IceCv    | Reached XP level 14. HP: 44/79 MP: 15/19
 14644 | IceCv    | Reached XP level 15. HP: 47/82 MP: 16/20
 15003 | IceCv    | XOM: summons 1 hostile demon
 15013 | IceCv    | XOM: enchant monster (good)
 15072 | IceCv    | XOM: god gift: chain mail {god gift}
 15097 | IceCv    | XOM: smoke on damage
 15411 | IceCv    | Noticed a frost giant
 15412 | IceCv    | XOM: potion effect (brilliance)
 15428 | IceCv    | XOM: silly message
 15450 | IceCv    | XOM: potion effect (invisibility)
 15454 | IceCv    | Killed a frost giant
 15781 | Lair:5   | Found a staircase to the Slime Pits.
 15782 | Lair:5   | Found a viscous altar of Jiyva.
 15819 | Lair:5   | XOM: potion effect (brilliance)
 15865 | Lair:5   | XOM: confuse monster(s)
 15867 | Lair:5   | XOM: noise
 15878 | Lair:5   | Reached skill level 17 in Unarmed Combat
 15880 | Lair:5   | XOM: silly message
 16143 | Lair:5   | XOM: god gift: wand of iceblast (7)
 16291 | Lair:5   | XOM: god gift: 13 bolts
 16455 | Lair:6   | Entered Level 6 of the Lair of Beasts
 16457 | Lair:6   | XOM: noise
 16462 | Lair:6   | XOM: noise
 16755 | Lair:6   | XOM: scenery: create altars
 16770 | Lair:6   | XOM: noise
 16771 | Lair:6   | XOM: potion effect (brilliance)
 16778 | Lair:6   | XOM: swap monsters
 16786 | Lair:6   | XOM: noise
 16793 | Lair:6   | XOM: summons 8 hostile demons
 16903 | Lair:6   | XOM: noise
 17127 | Lair:6   | XOM: confusion
 17130 | Lair:6   | XOM: confuse monster(s)
 17132 | Lair:6   | XOM: divination: detect items
 17190 | Lair:6   | Reached XP level 16. HP: 84/90 MP: 22/22
 17313 | Lair:6   | XOM: god gift: scroll labeled GIR GE YB QEF {god gift}
 17321 | Lair:6   | XOM: cleaving
 17326 | Lair:6   | XOM: fog
 17338 | Lair:6   | XOM: silly message
 17342 | Lair:5   | XOM: enchant monster (good)
 17561 | Lair:6   | XOM: enchant monster (good)
 17878 | Lair:6   | XOM: silly message
 17910 | Lair:6   | XOM: confusion (+ monsters)
 17948 | Lair:6   | XOM: silly message
 18241 | Lair:2   | Killed Suk Xiy's ghost
 18261 | Lair:2   | Killed Ciovowug's ghost
 18376 | D:10     | Entered Level 10 of the Dungeon
 18434 | D:10     | XOM: enchant monster (good)
 18474 | D:10     | Found a staircase to the Orcish Mines.
 19046 | D:10     | Reached skill level 18 in Unarmed Combat
 19073 | D:10     | XOM: give mutation
 19073 | D:10     | Gained mutation: You are dopey. (Int -2) [Xom's mischief]
 19144 | D:10     | Found a portal to a secret trove of treasure.
 19311 | D:10     | XOM: potion effect (stabbing)
 19405 | D:11     | Noticed Nergalle
 19423 | D:11     | Killed Nergalle
 19458 | D:11     | XOM: fog
 19483 | D:11     | XOM: scenery: create altars
 19670 | D:11     | Found Weymiman's Food Boutique.
 20228 | D:11     | XOM: summons friendly crimson imp
 20249 | D:11     | Found the +12 Vampire's Tooth {vamp}
 20438 | D:12     | XOM: confuse monster(s)
 20732 | D:12     | XOM: draining
 20737 | D:12     | XOM: butterfly on damage
 20737 | D:12     | XOM: smoke on damage
 20739 | D:12     | XOM: swap monsters
 20741 | D:12     | XOM: swap monsters
 20885 | D:12     | XOM: give mutations
 20885 | D:12     | Lost mutation: You occasionally shout uncontrollably at
                  | your foes. [Xom's mischief]
 20885 | D:12     | Gained mutation: Your magical capacity is low. (-10% MP)
                  | [Xom's mischief]
 20885 | D:12     | Lost mutation: Your magical capacity is low. (-10% MP)
                  | [Xom's mischief]
 20885 | D:12     | Gained mutation: You are very dopey. (Int -4) [Xom's
                  | mischief]
 20966 | D:13     | XOM: polymorph centaur warrior -> centaur warrior
 20991 | D:13     | XOM: potion effect (berserk rage)
 21007 | D:13     | Lost mutation: You are frail. (-10% HP) [potion of
                  | mutation]
 21007 | D:13     | Lost mutation: You have sharp fingernails. [potion of
                  | mutation]
 21007 | D:13     | Lost mutation: Armour fits poorly on your strangely shaped
                  | body. [potion of mutation]
 21007 | D:13     | Gained mutation: You are surrounded by a mild repulsion
                  | field. (EV +2) [potion of mutation]
 21168 | D:13     | XOM: summons 3 hostile shadow creatures
 21222 | D:13     | XOM: confuse monster(s)
 21392 | D:13     | XOM: summons 3 friendly demons
 21642 | Orc:1    | Entered Level 1 of the Orcish Mines
 21665 | Orc:1    | XOM: silly message
 21689 | Orc:1    | Noticed Jorgrun
 21726 | D:10     | Killed Jorgrun
 21938 | Orc:1    | XOM: silly message
 21955 | Orc:1    | XOM: scenery: create altars
 21989 | Orc:2    | Entered Level 2 of the Orcish Mines
 22005 | Orc:2    | XOM: cast spell 'Call Canine Familiar'
 22051 | Orc:2    | XOM: potion effect (haste)
 22092 | Orc:2    | XOM: enchant monster (bad)
 22112 | Orc:2    | XOM: divination: magic mapping
 22123 | Orc:2    | XOM: potion effect (stabbing)
 22132 | Orc:2    | XOM: potion effect (stabbing)
 22138 | Orc:2    | XOM: enchant monster (bad)
 22193 | Orc:2    | Reached XP level 17. HP: 40/108 MP: 23/23
 22316 | Orc:2    | XOM: noise
 22343 | Orc:2    | XOM: swap monsters
 22480 | Orc:2    | Found Minoqur's Armour Boutique.
 22480 | Orc:2    | Found Upoumouxt's General Store.
 22481 | Orc:2    | Found Dupnyfi's Armour Emporium.
 22481 | Orc:2    | Found Bovixud's Magic Scroll Shop.
 22482 | Orc:2    | XOM: enchant monster (bad)
 22503 | Orc:2    | Bought a +2 cloak of magic resistance for 322 gold pieces
 22526 | Orc:2    | XOM: summons 1 hostile demon
 22543 | Orc:2    | XOM: scenery: create altars
 22579 | Orc:2    | XOM: cast spell 'Chain of Chaos'
 22678 | Orc:2    | Found a roughly hewn altar of Beogh.
 22696 | Orc:2    | XOM: torment (85/108 hp)
 22974 | Orc:2    | XOM: stat loss: -1 Dex (12/13)
 23034 | Orc:2    | Found Laoj's Weapon Boutique.
 23038 | Orc:2    | Found a staircase to the Elven Halls.
 23072 | Orc:2    | Reached skill level 19 in Unarmed Combat
 23208 | Orc:2    | XOM: give mutation
 23208 | Orc:2    | Gained mutation: You occasionally shout uncontrollably at
                  | your foes. [Xom's mischief]
 23405 | Orc:1    | You are sucked into a shaft and drop 1 floor!
 23551 | Orc:1    | XOM: give mutations
 23551 | Orc:1    | Lost mutation: You are partially covered in iridescent
                  | scales. (AC +2) [Xom's mischief]
 23551 | Orc:1    | Gained mutation: You tend to lose your temper in combat.
                  | [Xom's mischief]
 23551 | Orc:1    | Gained mutation: You are frail. (-10% HP) [Xom's mischief]
 23912 | D:14     | XOM: swap monsters
 23938 | D:14     | XOM: polymorph komodo dragon -> yaktaur
 23959 | D:14     | XOM: divine lightning
 24411 | D:13     | XOM: chaos cloud
 24418 | D:13     | XOM: chaos cloud
 24458 | D:13     | XOM: polymorph orc -> giant cockroach
 24556 | D:12     | XOM: give mutations
 24556 | D:12     | Lost mutation: You occasionally shout uncontrollably at
                  | your foes. [Xom's mischief]
 24556 | D:12     | Gained mutation: You are weak. (Str -2) [Xom's mischief]
 24691 | D:12     | XOM: summons 2 hostile shadow creatures
 24795 | D:14     | XOM: repel stairs
 24811 | D:14     | XOM: enchant monster (bad)
 24972 | D:14     | You are sucked into a shaft and drop 1 floor!
 24972 | D:15     | Entered Level 15 of the Dungeon
 25093 | D:14     | Found a gate to the Vaults.
 25167 | D:14     | XOM: swap monsters
 25325 | D:14     | XOM: give mutations
 25325 | D:14     | Gained mutation: You are clumsy. (Dex -2) [Xom's mischief]
 25325 | D:14     | Lost mutation: You are very dopey. (Int -4) [Xom's
                  | mischief]
 25325 | D:14     | Lost mutation: You are dopey. (Int -2) [Xom's mischief]
 25325 | D:14     | Lost mutation: You are clumsy. (Dex -2) [Xom's mischief]
 25458 | D:14     | XOM: give mutations
 25458 | D:14     | Gained mutation: You occasionally shout uncontrollably at
                  | your foes. [Xom's mischief]
 25458 | D:14     | Gained mutation: Scrolls take you a little longer to read.
                  | [Xom's mischief]
 25638 | Swamp:1  | XOM: cloud trail
 25646 | Swamp:1  | XOM: enchant monster (bad)
 25719 | Swamp:1  | Found a glowing silver altar of Zin.
 25746 | Swamp:1  | XOM: cast spell 'Olgreb's Toxic Radiance'
 25770 | Swamp:1  | Got a masterwork plate armour
 25773 | Swamp:1  | Identified the +3 plate armour "Laokk" {rElec rC+ rN+
                  | Str+3} (You found it on level 1 of the Swamp)
 26190 | Swamp:1  | XOM: cloud trail
 26310 | Swamp:2  | XOM: god gift: glowing great mace {god gift}
 26373 | Swamp:2  | XOM: silly message
 26379 | Swamp:2  | XOM: summons 9 hostile demons
 26549 | Swamp:2  | XOM: repel stairs
 26654 | Swamp:2  | XOM: cleaving
 26789 | Swamp:2  | XOM: confusion (+ monsters)
 27004 | Swamp:3  | XOM: enchant monster (bad)
 27049 | Swamp:3  | XOM: summons 15 friendly demons
 27074 | Swamp:3  | Reached skill level 10 in Shields
 27416 | Swamp:3  | XOM: confuse monster(s)
 27601 | Swamp:3  | XOM: potion effect (haste)
 27730 | Swamp:3  | Found the +6 shillelagh "Devastator" {shatter}
 27810 | Swamp:3  | XOM: summons friendly white imp
 28039 | Swamp:4  | Entered Level 4 of the Swamp
 28197 | Swamp:4  | XOM: enchant monster (bad)
 28221 | Swamp:4  | XOM: summons friendly white imp
 28224 | Swamp:4  | XOM: noise
 28236 | Swamp:4  | XOM: polymorph spriggan druid -> glowing shapeshifter
 28246 | Swamp:4  | XOM: blink monster(s)
 28251 | Swamp:4  | XOM: noise
 28539 | Swamp:3  | Reached XP level 18. HP: 100/104 MP: 1/24
 28642 | Swamp:4  | Reached skill level 20 in Unarmed Combat
 28667 | Swamp:4  | XOM: summons 5 friendly demons
 28678 | Swamp:4  | XOM: destruction
 28837 | Swamp:4  | XOM: enchant monster (good)
 28857 | Swamp:4  | Got a decaying rune of Zot
 29111 | Spider:1 | Entered Level 1 of the Spider Nest
 29134 | Spider:1 | XOM: fog
 29136 | Spider:1 | XOM: cast spell 'Summon Horrible Things'
 29159 | Spider:1 | XOM: butterfly on damage
 29419 | Spider:1 | You are sucked into a shaft and drop 1 floor!
 30085 | Spider:2 | XOM: silly message
 30330 | Spider:1 | XOM: silly message
 30411 | Spider:1 | XOM: enchant monster (good)
 30449 | Spider:2 | XOM: give mutation
 30449 | Spider:2 | Lost mutation: You are weak. (Str -2) [Xom's grace]
 30457 | Spider:2 | XOM: scenery: create altars
 30495 | Spider:2 | XOM: god gift: potion of haste
 31349 | Spider:2 | XOM: summons 4 hostile shadow creatures
 31351 | Spider:3 | XOM: summons 3 hostile demons
 31389 | Spider:3 | XOM: swap monsters
 31393 | Spider:3 | XOM: destruction
 31400 | Spider:3 | XOM: summons 4 friendly demons
 31405 | Spider:3 | HP: 3/105 [demonic crawler (7)]
 31419 | Spider:3 | XOM: blink monster(s)
 31434 | Spider:3 | XOM: repel stairs
 31442 | Spider:3 | XOM: fake destruction
 31448 | Spider:3 | HP: 2/105 [disintegration (17)]
 32563 | Spider:3 | XOM: summons 4 friendly demons
 32568 | Spider:3 | XOM: summons 1 hostile shadow creature
 32578 | Spider:2 | XOM: confuse monster(s)
 32587 | Spider:3 | XOM: polymorph orb spider -> spriggan
 32794 | Spider:3 | XOM: swap monsters
 32798 | Spider:3 | XOM: butterfly on damage
 32802 | Spider:3 | XOM: cast spell 'Olgreb's Toxic Radiance'
 33353 | Spider:3 | Lost mutation: You are somewhat resistant to further
                  | mutation. [potion of mutation]
 33353 | Spider:3 | Lost mutation: Scrolls take you a little longer to read.
                  | [potion of mutation]
 33353 | Spider:3 | Lost mutation: You tend to lose your temper in combat.
                  | [potion of mutation]
 33353 | Spider:3 | Lost mutation: You are surrounded by a mild repulsion
                  | field. (EV +2) [potion of mutation]
 33353 | Spider:3 | Gained mutation: Your mind is acute. (Int +2) [potion of
                  | mutation]
 33353 | Spider:3 | Lost mutation: Your mind is acute. (Int +2) [potion of
                  | mutation]
 33353 | Spider:3 | Gained mutation: You have supernaturally acute eyesight.
                  | (SInv) [potion of mutation]
 33353 | Spider:3 | Gained mutation: You are partially covered in yellow
                  | scales. (AC +2) [potion of mutation]
 33365 | Spider:4 | Entered Level 4 of the Spider Nest
 33365 | Spider:4 | Noticed Agnes
 33377 | Spider:3 | XOM: cleaving
 33381 | Spider:3 | Killed Agnes
 33505 | Spider:3 | Reached skill level 21 in Unarmed Combat
 33508 | Spider:3 | Reached skill level 15 in Fighting
 33615 | Spider:3 | XOM: divination: magic mapping
 33666 | Spider:4 | XOM: 2-stop teleportation journey
 33914 | Spider:4 | Reached XP level 19. HP: 102/111 MP: 25/25
 33924 | Spider:4 | XOM: cleaving
 33925 | Spider:4 | Noticed Nikola
 33928 | Spider:4 | XOM: confuse monster(s)
 33930 | Spider:4 | XOM: cloud trail
 33967 | Spider:4 | XOM: fog
 34004 | Spider:4 | XOM: enchant monster (good)
 34005 | Spider:4 | XOM: summons 16 friendly demons
 34341 | Spider:4 | XOM: butterfly on damage
 34642 | Spider:4 | XOM: 4-stop teleportation journey
 34670 | Spider:4 | Killed Nikola
 34692 | Spider:4 | XOM: noise
 35053 | Spider:4 | XOM: summons 2 hostile shadow creatures
 35078 | Spider:4 | XOM: 2-stop teleportation journey
 35301 | Spider:4 | XOM: confusion (+ monsters)
 35305 | Spider:4 | XOM: cleaving
 35309 | Spider:4 | XOM: cast spell 'Disjunction'
 35312 | Spider:4 | XOM: scenery: create altars
 35554 | Spider:4 | XOM: cleaving
 35563 | Spider:4 | XOM: divination: detect items
 35567 | Spider:4 | XOM: divination: detect items
 35575 | Spider:4 | XOM: enchant monster (bad)
 35578 | Spider:4 | XOM: summons friendly white imp
 35584 | Spider:4 | XOM: fog
 35594 | Spider:4 | XOM: scenery: create altars
 35620 | Spider:4 | Got a gossamer rune of Zot
 35632 | Spider:4 | Got a smoking scale mail
 35633 | Spider:4 | Identified the cursed +1 scale mail "Abet" {+Fly rPois MR-
                  | rCorr} (You found it on level 4 of the Spider Nest)
 35682 | Spider:2 | XOM: silly message
 35891 | D:14     | XOM: silly message
 36016 | D:15     | XOM: 1-stop teleportation journey
 36126 | D:15     | XOM: enchant monster (good)
 36127 | D:15     | XOM: enchant monster (bad)
 36364 | D:15     | Found a staircase to the Depths.
 36417 | D:15     | XOM: cloud trail
 36596 | Elf:1    | Entered Level 1 of the Elven Halls
 36699 | Elf:1    | XOM: scenery: 2 doors close
 36806 | Elf:1    | XOM: cast spell 'Summon Ice Beast'
 36810 | Elf:1    | XOM: polymorph ice beast -> glowing shapeshifter
 36965 | Elf:1    | XOM: god gift: 39 gold pieces
 37002 | Elf:1    | XOM: enchant monster (good)
 37217 | Elf:1    | XOM: potion effect (stabbing)
 37219 | Elf:1    | XOM: scenery: 4 doors open
 37422 | Elf:1    | You are sucked into a shaft and drop 1 floor!
 37422 | Elf:2    | XOM: summons friendly white imp
 37425 | Elf:2    | XOM: summons 8 friendly demons
 37437 | Elf:2    | XOM: cleaving
 37438 | Elf:2    | XOM: cast spell 'Alistair's Intoxication'
 37440 | Elf:2    | XOM: god gift: potion of curing
 37471 | Elf:2    | XOM: destruction
 37484 | Elf:2    | XOM: cloud trail
 37494 | Elf:2    | Found a huge runed translucent gate.
 37494 | Elf:2    | Found a huge runed translucent gate.
 37501 | Elf:2    | Found a huge runed translucent gate.
 37502 | Elf:2    | Found a huge runed translucent gate.
 37503 | Elf:2    | Found a huge runed translucent gate.
 37563 | Elf:2    | XOM: scenery: 3 doors open, 1 doors close
 37565 | Elf:2    | XOM: cast spell 'Summon Horrible Things'
 37592 | Elf:2    | Reached skill level 22 in Unarmed Combat
 37640 | Elf:2    | XOM: cast spell 'Summon Horrible Things'
 37702 | Elf:2    | Noticed Aizul
 37702 | Elf:2    | XOM: swap monsters
 37719 | Elf:2    | XOM: noise
 37731 | Elf:2    | Killed Aizul
 37748 | Elf:2    | XOM: divination: detect items
 37891 | Elf:2    | XOM: silly message
 37896 | Elf:2    | Reached XP level 20. HP: 99/117 MP: 26/26
 37909 | Elf:2    | XOM: potion effect (curing)
 37947 | Elf:2    | XOM: confuse monster(s)
 37996 | Elf:2    | XOM: give mutations
 37996 | Elf:2    | Gained mutation: You expend magic power (3 MP) to
                  | strengthen your wands. [Xom's grace]
 37996 | Elf:2    | Gained mutation: You have large cloven feet. [Xom's grace]
 37996 | Elf:2    | Gained mutation: You are partially covered in large bone
                  | plates. (SH +4) [Xom's grace]
 37996 | Elf:2    | Lost mutation: You are frail. (-10% HP) [Xom's grace]
 38170 | Elf:2    | Found a radiant altar of Vehumet.
 38183 | Elf:2    | XOM: scenery: create altars
 38530 | Elf:1    | XOM: stat loss: -1 Int (14/15)
 38892 | Elf:2    | XOM: summons 5 hostile demons
 39108 | Elf:2    | Identified a scroll of acquirement
 39118 | Elf:2    | Got the amulet of Tofus {Reflect rElec Str+3 Slay+2 SH+5}
 39196 | Elf:2    | Reached skill level 15 in Shields
 39393 | Orc:2    | Bought a +0 kite shield for 67 gold pieces
 39393 | Orc:2    | Bought a +1 helmet of see invisible for 247 gold pieces
 39511 | Elf:3    | Entered Level 3 of the Elven Halls
 39626 | Elf:3    | Found Fudin's Weapon Shoppe.
 39891 | Elf:3    | XOM: 1-stop teleportation journey
 39941 | Elf:3    | XOM: 1-stop teleportation journey
 39944 | Elf:3    | XOM: polymorph deep elf blademaster -> shadow dragon
 39959 | Elf:3    | XOM: potion effect (berserk rage)
 40039 | Elf:3    | Identified the Compendium of Ashen Venom
 40074 | Elf:3    | XOM: chaos cloud
 40077 | Elf:3    | XOM: chaos upgrade
 40256 | Elf:3    | XOM: potion effect (might)
 40272 | Elf:3    | XOM: potion effect (brilliance)
 40281 | Elf:3    | XOM: divination: detect creatures
 40283 | Elf:3    | XOM: potion effect (brilliance)
 40284 | Elf:3    | Cast into level 3 of the Abyss (a deep elf sorcerer)
 40300 | Abyss:3  | Noticed a profane servitor
 40324 | Abyss:3  | Killed a profane servitor
 40329 | Abyss:3  | Reached skill level 15 in Armour
 40342 | Elf:3    | Escaped the Abyss
 40348 | Elf:3    | XOM: divination: detect creatures
 40350 | Elf:3    | XOM: divination: detect items
 40354 | Elf:3    | XOM: potion effect (brilliance)
 40358 | Elf:3    | XOM: potion effect (haste)
 40423 | Elf:3    | XOM: god gift: hand axe {god gift}
 40574 | Elf:3    | XOM: stat loss: -1 Dex (13/14)
 40575 | Elf:3    | XOM: summons 2 friendly demons
 40579 | Elf:3    | XOM: summons 3 friendly demons
 40711 | Elf:3    | XOM: give mutation
 40711 | Elf:3    | Gained mutation: You possess an exceptional clarity of
                  | mind. [Xom's grace]
 40943 | Elf:3    | XOM: give mutation
 40943 | Elf:3    | Lost mutation: You have supernaturally acute eyesight.
                  | (SInv) [Xom's mischief]
 40943 | Elf:3    | Gained mutation: Scrolls take you a little longer to read.
                  | [Xom's mischief]
 41368 | D:5      | Bought a scroll of teleportation for 87 gold pieces
 41492 | D:10     | You paid a toll of 17 scrolls of teleportation to enter a
                  | treasure trove
 41493 | Trove    | Entered a treasure trove
 41523 | Trove    | Got a wavering turquoise ring
 41529 | Trove    | Identified the ring "Etaetrel" {rPois rC+} (You found it in
                  | a treasure trove)
 41556 | Trove    | Identified Sif Muna's Tome of Moulding
 41704 | Vaults:1 | Entered Level 1 of the Vaults
 41938 | Vaults:1 | XOM: cast spell 'Alistair's Intoxication'
 42129 | Vaults:1 | XOM: swap monsters
 42164 | Vaults:1 | XOM: give mutations
 42164 | Vaults:1 | Gained mutation: You sometimes yell uncontrollably at your
                  | foes. [Xom's mischief]
 42164 | Vaults:1 | Lost mutation: You sometimes yell uncontrollably at your
                  | foes. [Xom's mischief]
 42164 | Vaults:1 | Lost mutation: You occasionally shout uncontrollably at
                  | your foes. [Xom's mischief]
 42222 | Vaults:1 | XOM: draining
 42260 | Vaults:1 | XOM: polymorph slime creature -> satyr
 42261 | Vaults:1 | XOM: stat loss: -1 Int (14/15)
 42267 | Vaults:1 | XOM: chaos upgrade
 42270 | Vaults:1 | XOM: silly message
 42283 | Vaults:1 | Reached skill level 23 in Unarmed Combat
 42283 | Vaults:1 | Reached XP level 21. HP: 112/138 MP: 27/27
 42284 | Vaults:1 | Cast into level 3 of the Abyss (vault guard)
 42300 | Abyss:3  | XOM: enchant monster (bad)
 42302 | Abyss:3  | Noticed a profane servitor
 42324 | Abyss:3  | Killed a profane servitor
 42402 | Abyss:3  | XOM: torment (71/138 hp)
 42510 | Abyss:3  | XOM: polymorph hell knight -> anaconda
 42512 | Abyss:3  | XOM: confuse monster(s)
 42569 | Abyss:3  | Paralysed by accursed screaming for 2 turns
 42575 | Abyss:3  | Paralysed by accursed screaming for 2 turns
 42582 | Abyss:3  | XOM: summons 3 hostile shadow creatures
 42585 | Abyss:3  | XOM: give mutations
 42585 | Abyss:3  | Lost mutation: You are partially covered in large bone
                  | plates. (SH +4) [Xom's mischief]
 42585 | Abyss:3  | Lost mutation: Scrolls take you a little longer to read.
                  | [Xom's mischief]
 42585 | Abyss:3  | Lost mutation: You are partially covered in yellow scales.
                  | (AC +2) [Xom's mischief]
 42585 | Abyss:3  | Gained mutation: Armour fits poorly on your strangely
                  | shaped body. [Xom's mischief]
 42612 | Abyss:3  | Got an abyssal rune of Zot
 42917 | Abyss:3  | XOM: summons 1 hostile shadow creature
 42957 | Abyss:3  | XOM: enchant monster (bad)
 42974 | Abyss:3  | XOM: summons 4 hostile demons
 42987 | Vaults:1 | Escaped the Abyss
 42990 | Vaults:1 | XOM: swap monsters
 43000 | Vaults:1 | XOM: scenery: 4 doors open
 43236 | Vaults:1 | XOM: enchant monster (good)
 43238 | Vaults:1 | XOM: confuse monster(s)
 43312 | Depths:1 | Entered Level 1 of the Depths
 43509 | Depths:1 | XOM: confuse monster(s)
 43513 | Depths:1 | XOM: confuse monster(s)
 43520 | Depths:1 | XOM: chaos upgrade
 43525 | Depths:1 | XOM: noise
 43531 | Depths:1 | XOM: scenery: create altars
 43539 | Depths:1 | Reached skill level 24 in Unarmed Combat
 43629 | Depths:1 | Noticed the Enchantress
 43656 | Depths:1 | the Enchantress changed into the Enchantress the
                  | shapeshifter
 43656 | Depths:1 | XOM: polymorph the Enchantress -> the Enchantress the
                  | shapeshifter
 43746 | Depths:1 | XOM: potion effect (heal wounds)
 43764 | Depths:1 | XOM: silly message
 43770 | Depths:1 | XOM: silly message
 43771 | Depths:1 | XOM: potion effect (haste)
 43903 | Depths:1 | XOM: silly message
 43997 | Depths:1 | XOM: potion effect (stabbing)
 44277 | Depths:1 | XOM: noise
 44279 | Depths:1 | XOM: enchant monster (good)
 44567 | Depths:1 | XOM: silly message
 44590 | Depths:1 | Found a gateway to Hell.
 44870 | Depths:2 | Found Notzeips's Gadget Shop.
 44898 | Depths:2 | XOM: 8-stop teleportation journey
 44911 | Depths:2 | XOM: confuse monster(s)
 44932 | Depths:2 | XOM: enchant monster (good)
 45059 | Depths:2 | Noticed a juggernaut
 45063 | Depths:2 | Reached XP level 22. HP: 146/146 MP: 28/28
 45063 | Depths:2 | XOM: summons 1 hostile shadow creature
 45072 | Depths:2 | XOM: cast spell 'Leda's Liquefaction'
 45076 | Depths:2 | Killed a juggernaut
 45110 | Depths:2 | XOM: 3-stop teleportation journey
 45131 | Depths:2 | XOM: god gift: 21 gold pieces
 45414 | Depths:2 | XOM: scenery: 1 doors open, 2 doors close
 45451 | Depths:2 | Reached skill level 25 in Unarmed Combat
 45606 | Depths:2 | XOM: cleaving
 45614 | Depths:2 | XOM: scenery: 2 doors open, 1 doors close
 45680 | Depths:2 | XOM: god gift: scroll of random uselessness
 45790 | Depths:2 | XOM: god gift: 24 stones
 45916 | Depths:2 | XOM: give mutations
 45916 | Depths:2 | Gained mutation: You are partially covered in iridescent
                  | scales. (AC +2) [Xom's grace]
 45916 | Depths:2 | Gained mutation: You are covered in fur. (AC +1) [Xom's
                  | grace]
 45916 | Depths:2 | Gained mutation: Your movements are slightly less
                  | encumbered by armour. (ER -2) [Xom's grace]
 45916 | Depths:2 | Gained mutation: You have hoof-like feet. [Xom's grace]
 45950 | Depths:2 | XOM: give mutations
 45950 | Depths:2 | Gained mutation: You are surrounded by a mild repulsion
                  | field. (EV +2) [Xom's grace]
 45950 | Depths:2 | Gained mutation: Your natural rate of healing is unusually
                  | fast. [Xom's grace]
 45950 | Depths:2 | Gained mutation: You are resistant to hostile enchantments.
                  | (MR+) [Xom's grace]
 46016 | Depths:2 | XOM: enchant monster (good)
 46123 | Depths:2 | XOM: cast spell 'Disjunction'
 46221 | Depths:2 | XOM: give mutations
 46221 | Depths:2 | Gained mutation: Your skin changes colour to match your
                  | surroundings (Stealth+). [Xom's grace]
 46221 | Depths:2 | Gained mutation: You are covered in thick fur. (AC +2)
                  | [Xom's grace]
 46221 | Depths:2 | Gained mutation: You are robust. (+10% HP) [Xom's grace]
 46221 | Depths:2 | Gained mutation: Your muscles are strong. (Str +2) [Xom's
                  | grace]
 46366 | Depths:2 | Found a one-way gate leading to the halls of Pandemonium.
 46425 | Depths:2 | XOM: divination: detect creatures
 46663 | Depths:3 | XOM: stat loss: -1 Dex (13/14)
 46755 | Depths:3 | XOM: 1-stop teleportation journey
 46836 | Depths:3 | XOM: swap monsters
 46980 | Depths:3 | XOM: 1-stop teleportation journey
 46982 | Depths:3 | XOM: polymorph yaktaur captain -> azure jelly
 47005 | Depths:3 | XOM: enchant monster (bad)
 47018 | Depths:3 | XOM: enchant monster (bad)
 47030 | Depths:3 | XOM: give mutations
 47030 | Depths:3 | Lost mutation: Armour fits poorly on your strangely shaped
                  | body. [Xom's mischief]
 47030 | Depths:3 | Lost mutation: You possess an exceptional clarity of mind.
                  | [Xom's mischief]
 47030 | Depths:3 | Lost mutation: You are partially covered in iridescent
                  | scales. (AC +2) [Xom's mischief]
 47068 | Depths:3 | XOM: summons 3 hostile shadow creatures
 47442 | Depths:3 | Gained mutation: You are dopey. (Int -2) [a neqoxec]
 47507 | Depths:3 | XOM: stat loss: -1 Dex (13/14)
 47729 | Depths:4 | Found a one-way gate to the infinite horrors of the Abyss.
 47773 | Depths:4 | XOM: chaos cloud
 47774 | Depths:4 | Noticed a juggernaut
 47795 | Depths:4 | Annihilated by a juggernaut

Illustrated notes

Levels and vault maps discovered:
D:1:      lightli_arrival_farm, layout_rooms, serial_co_window_serial,
          co_window_corner_a, co_window_corner_a, co_window_paths_a,
          co_window_corner_a, co_window_paths_a, co_window_of_opportunity_a,
          co_window_corner_a, co_window_broadway_b, co_window_2corner,
          co_window_paths_c, co_window_cross_2, glass_columns_c,
          glass_columns_a, glass_columns_a, glass_columns_c, minmay_bisected
D:2:      layout_basic, lemuel_crystal_altar, vehumet_crystals, first_ration
D:3:      wad_crossroads, layout_basic, gammafunk_temple_overflow_wave,
          zin_purify, nicolae_ru_path_of_blood
D:4:      layout_rooms, overflow_temple_1_default,
          minmay_temple_entry_enclosed_plants
D:5:      layout_rooms, marbit_many_paths, serial_shops, nicolae_shop_stone,
          nicolae_shop_behind_doors, nicolae_shop_trees, shop,
          hangedman_decor_points, grunt_ministairs_15, kennysheep_donut,
          uniq_menkaure
D:6:      layout_basic, nicolae_ashenzari_panopticon, minmay_manual_monolith
D:7:      layout_basic, uniq_crazy_yiuf_cottage
D:8:      layout_basic, nicolae_tso_besieged_by_evil
D:9:      layout_loops_corners, dpeg_lair_monsters, hangedman_fish_farm,
          serial_bayou_lagoon_b
D:10:     layout_gridville, erik_orc_4, enter_trove_5, lightli_corner_chamber
D:11:     minmay_bubble_buster, layout_loops_ring, serial_shops, shop,
          serial_glass, glass_columns_c, glass_columns_b, glass_columns_b,
          glass_columns_b, glass_columns_a, grunt_ministairs_4,
          minmay_guarded_unrand_vampires_tooth, uniq_nergalle
D:12:     layout_basic, st_stairs_9
D:13:     layout_basic, chequers_decorated_corner
D:14:     layout_cave_pools, skrybe_vaults_entry_preservation, minmay_circle_x
D:15:     grunt_enter_depths_snipers, layout_basic
Temple:   dshaligram_water_room_temple
Lair:1:   layout_cave_pods, grunt_megastairs_5
Lair:2:   layout_layer_cave, gammafunk_ghost_cemetery, uniq_urug
Lair:3:   layout_cave_pods, minmay_swamp_entry_reptiles
Lair:4:   layout_cave_pods, spider_nest_entry_funnel_web,
          gauntlet_entry_generic, nzn_random_ring, uniq_rupert
Lair:5:   layout_regular_city, slime_altar_1, portal_ice_cave_entry_imps,
          chequers_serial_rivers_small_b, grunt_megastairs_3
Lair:6:   evilmike_catoblepas_cave, layout_misc_corridors
Swamp:1:  layout_falls_marsh, basic_altar, infiniplex_staircase_pool_2
Swamp:2:  layout_basic_swamp, serial_swamp_ruin, evilmike_swamp_ruin_house_3,
          evilmike_swamp_ruin_house_5, swamp_pool4
Swamp:3:  layout_basic_swamp, evilmike_swamp_ruin_wall, swamp_pool5,
          cheibrodos_swamp_kobolds, infiniplex_staircase_pool
Swamp:4:  swamp, layout_basic_swamp
Spider:1: layout_spider_delve, drop_trap
Spider:2: layout_spider_delve
Spider:3: layout_spider_delve
Spider:4: spider_rune_water, nicolae_spider_cling_ruins, uniq_nikola, uniq_agnes
Orc:1:    layout_diamond_mine, uniq_jorgrun
Orc:2:    st_orc_ogre_mass, layout_diamond_mine, basic_altar, serial_shops,
          nicolae_shop_behind_doors
Elf:1:    layout_geoelf_grid, evilmike_minifort
Elf:2:    layout_geoelf_octagon, basic_altar, grunt_ministairs_3,
          hangedman_elven_ridges, uniq_aizul
Elf:3:    minmay_elf_hall_statues, layout_geoelf_octagon, serial_shops, shop,
          st_stairs_7
Vaults:1: nicolae_vaults_little_ls, v_pattern_2, v_alt_pattern_3,
          hangedman_vaults_pinch, v_alt_pattern_5, nicolae_vaults_network_s,
          ontoclasm_vaults_hangar, v_misc_9, nicolae_vaults_little_squares_3,
          vaults_room_fours, vaults_dpeg_encased_lava, layout_vaults_quadrants
Depths:1: layout_cave_shapes, kennysheep_another_room, hangedman_geh_valley,
          kennysheep_generic_room_8, serial_bayou_shore_b, grunt_megastairs_1,
          serial_bayou_shore_b, firewood_loft, uniq_enchantress
Depths:2: minmay_distorted_concentric_squares, layout_gridlike,
          grunt_pan_entry_zigzag, serial_shops, shop,
          minmay_misc_feat_diagonals, grunt_hell_entry_dis_mu
Depths:3: minmay_inside_and_out, layout_long_grid, pf_hell_entry_tar_river,
          rand_demon_pan_entry_9, minmay_misc_feat_iff,
          infiniplex_staircase_diamond
Depths:4: minmay_the_grid_square_5x5_5x5 [minmay_the_grid_square_5x5_empty,
          minmay_the_grid_square_5x5_two_walls_a,
          minmay_the_grid_square_5x5_beaten_path,
          minmay_the_grid_square_5x5_three, minmay_the_grid_square_5x5_meh,
          minmay_the_grid_square_5x5_half_checkered,
          minmay_the_grid_square_5x5_prize_open,
          minmay_the_grid_square_5x5_one_wall,
          minmay_the_grid_square_5x5_prize_gold,
          minmay_the_grid_square_5x5_slash,
          minmay_the_grid_square_5x5_bracketed,
          minmay_the_grid_square_5x5_broken_cross,
          minmay_the_grid_square_5x5_prize_open,
          minmay_the_grid_square_5x5_tetrominoes,
          minmay_the_grid_square_5x5_minivault,
          minmay_the_grid_square_5x5_minibox,
          minmay_the_grid_square_5x5_prize_pseudospiral,
          minmay_the_grid_square_5x5_n_small,
          minmay_the_grid_square_5x5_prize_monsterx,
          minmay_the_grid_square_5x5_eight, minmay_the_grid_square_5x5_plus,
          minmay_the_grid_square_5x5_shrine1, minmay_the_grid_square_5x5_inset,
          minmay_the_grid_square_5x5_doubleslash,
          minmay_the_grid_square_5x5_pentomino_r], layout_basic, hell_entry,
          serial_shops, nicolae_shop_behind_doors, serial_bayou_ford_a,
          abyss_entry

Skill      XL: |  1  2  3  4  5  6  7  8  9 10 11 12 13 14 15 16 17 18 19 20 21 22 |
---------------+-------------------------------------------------------------------+-----
Unarmed Combat | 4 5 6 7 9 10 12 13 14 16 17 18 19 21 22 23 24 25 | 25.5
Armour         | 3 6 8 9 11 12 13 14 15 16 17 | 17.4
Fighting       | 6 8 9 10 11 12 13 15 16 17 18 | 18.5
Evocations     | 1 7 8 |  8.2
Shields        | 7 8 10 12 13 15 | 15.0
Dodging        | 3 |  3.1
Stealth        | |  2.1

Action                   |  1- 3 |  4- 6 |  7- 9 | 10-12 | 13-15 | 16-18 | 19-21 | 22-24 || total
-------------------------+-------+-------+-------+-------+-------+-------+-------+-------++-------
Melee: Unarmed           |   105 |   197 |   505 |   660 |   600 |  2416 |  1724 |   437 ||  6644
       Punch             |     1 |     5 |    17 |    25 |    56 |    48 |       |       ||   152
       Kick              |       |       |    42 |       |       |       |       |       ||    42
       Headbutt          |       |       |     4 |    81 |       |       |       |       ||    85
Throw: Throwing net      |       |     1 |       |       |       |       |       |       ||     1
       Javelin           |       |       |       |     5 |       |       |       |       ||     5
 Abil: Fly               |       |       |       |       |     1 |       |       |     1 ||     2
       Stop Flying       |       |       |       |       |       |       |       |     1 ||     1
Evoke: Wand              |       |       |       |     3 |       |    19 |    11 |     2 ||    35
  Use: Potion            |       |       |     1 |     6 |     2 |    11 |     3 |       ||    23
       Scroll            |       |       |     1 |     1 |     5 |    33 |    11 |       ||    51
 Stab: Sleeping          |     1 |     1 |     1 |       |       |       |     1 |       ||     4
       Confused          |       |       |     2 |     8 |     3 |     8 |    17 |     1 ||    39
       Paralysed         |       |       |       |     5 |     1 |     2 |       |       ||     8
       Petrified         |       |       |       |     5 |       |       |       |       ||     5
       Distracted        |       |       |       |       |     1 |     3 |     1 |     1 ||     6
       Invisible         |       |       |       |       |     9 |       |       |       ||     9
       Petrifying        |       |       |       |       |       |     1 |       |       ||     1
       Fleeing           |       |       |       |       |       |     2 |       |       ||     2
  Eat: Chunk             |     1 |     7 |    10 |    21 |    13 |    46 |    24 |     8 ||   130
       Ration            |       |       |     2 |       |       |     3 |     4 |       ||     9
Armor: Robe              |    24 |       |       |       |       |       |       |       ||    24
       Ring mail         |    15 |   101 |    40 |       |       |       |       |       ||   156
       Plate armour      |       |       |   443 |   612 |   587 |  1964 |   852 |   152 ||  4610
       Skin              |       |       |       |       |       |       |       |     2 ||     2
Dodge: Dodged            |    84 |   124 |   160 |   169 |   267 |  1131 |   396 |    89 ||  2420
Block: Buckler           |       |       |       |       |       |   616 |   192 |       ||   808
       Kite shield       |       |       |       |       |       |       |   714 |   288 ||  1002
       Reflection        |       |       |       |       |       |       |    52 |    20 ||    72
